 Dungeon Crawl Stone Soup version 0.27.0-1-g7a089689b8 (webtiles) character file.

Game seed: 598520470682628451

214 ZARRMARR the Chopper (level 5, -9/70 HPs)
             Began as a Hill Orc Monk on Aug 4, 2021.
             Succumbed to a gnoll sergeant's poison
             ... on level 4 of the Dungeon.
             The game lasted 00:16:48 (3551 turns).

ZARRMARR the Chopper (Hill Orc Monk)                Turns: 3551, Time: 00:16:49

Health: -9/70      AC: 26    Str: 15    XL:     5   Next: 91%
Magic:  5/5        EV:  2    Int: 10    God:
Gold:   73         SH:  0    Dex: 13    Spells: 3/4 levels left

rFire    . . .     SeeInvis .   a - +0 hand axe
rCold    . . .     Faith    .   (no shield)
rNeg     + + +     Spirit   .   (armour currently unavailable)
rPois    +         Reflect  .   (helmet currently unavailable)
rElec    .         Harm     .   (cloak currently unavailable)
rCorr    .         Rampage  .   (gloves currently unavailable)
Will     .....     NoTele   +   (boots currently unavailable)
Stlth    ++........             (no amulet)
HPRegen  0.21/turn              i - ring of positive energy
MPRegen  0.09/turn              d - +4 ring of protection

@: lethally poisoned (-9 -> -54), tree-form
A: stationary, stasis, torment immunity, boosted hp
a: no special abilities


You were on level 4 of the Dungeon.
You were a tree.
You visited 1 branch of the dungeon, and saw 4 of its levels.

You collected 73 gold pieces.

Inventory:

Hand Weapons
 a - a +0 hand axe (weapon)
Missiles
 g - 155 stones
 n - 5 poisoned darts
 t - a boomerang (quivered)
Armour
 b - a +0 robe (melded)
 f - a +0 pair of gloves (melded)
Jewellery
 d - a +4 ring of protection (right branch)
 i - a ring of positive energy (left branch)
Scrolls
 l - 2 scrolls of noise
 m - a scroll of silence
 q - a scroll of enchant weapon
 r - a scroll of fear {unknown}
Potions
 c - 2 potions of resistance {unknown}
 e - 2 potions of lignification
 h - 2 potions of curing {unknown}
 j - a potion of degeneration {unknown}
 k - 2 potions of flight {unknown}
 p - a potion of might {unknown}
 s - a potion of invisibility {unknown}
 u - a potion of ambrosia {unknown}
 v - a potion of haste {unknown}


   Skills:
 + Level 4.3 Fighting
 + Level 4.9 Axes
 + Level 3.3 Throwing
 + Level 3.1 Dodging
 + Level 1.7 Stealth
 + Level 0.1 Spellcasting
 + Level 0.1 Necromancy


You had 3 spell levels left.
You knew the following spells:

 Your Spells              Type           Power      Damage    Failure   Level
a - Pain                  Necr           0%         1d4       36%         1

Your spell library contained the following spells:

 Spells                   Type           Power      Damage    Failure   Level
 Summon Small Mammal      Summ           0%         N/A       36%         1
 Call Canine Familiar     Summ           0%         N/A       75%         3
 Summon Guardian Golem    Hex/Summ       0%         N/A       75%         3
 Agony                    Necr           0%         N/A       100%        5
 Excruciating Wounds      Necr           0%         N/A       100%        5


Dungeon Overview and Level Annotations

Branches:
Dungeon (4/15)
 Temple: D:4-7

Altars:
Xom

Shops:
D:2 **


Message History

You are poisoned.
You hit the gnoll sergeant but do no damage.
The gnoll sergeant is moderately wounded.
You feel very sick. The gnoll sergeant closely misses you.
A gnoll comes into view. It is wielding a +0 spear.
As you read the scroll of teleportation, it crumbles to dust.
You feel strangely unstable.
You feel sick.
The gnoll sergeant hits you with a +4 spear of venom!
You are more poisoned.
You closely miss the gnoll sergeant.
The gnoll sergeant is moderately wounded.
You feel very sick.
The gnoll shouts!
You hear a shout!
The gnoll sergeant closely misses you.
You hit the gnoll sergeant but do no damage.
The gnoll sergeant is moderately wounded.
You feel very sick.
The gnoll sergeant hits you with a +4 spear of venom.
You are more poisoned.
It was a potion of lignification.
You turn into a tree.
Your +0 pair of gloves melds into your body.
Your +0 robe melds into your body.
Your roots penetrate the ground.
You feel strangely stable.
* * * LOW HITPOINT WARNING * * *
You feel very sick. The gnoll hits you but does no damage.
The gnoll sergeant hits you but does no damage.
You are more poisoned.
You hit the gnoll sergeant.
The gnoll sergeant is moderately wounded.
* * * LOW HITPOINT WARNING * * *
You feel extremely sick. The gnoll hits you but does no damage.
The gnoll sergeant hits you with a +4 spear of venom!
* * * LOW HITPOINT WARNING * * *
You are more poisoned.
You hit the gnoll sergeant.
The gnoll sergeant is moderately wounded.
You die...

### #### ##.# ### ###..### ###
#.## #.## ..#....# #.###.# ##.#
.#..#### ##.##..# #.# ...##
#...##.## #.# #.## ##.####.# #.#
### .## ### #.####.######.#####.#
.## #.# #.#..♣.........#....##
..####.#####.ggg...##........#..#
.........##...g##..##...##..###..
...#.........g###.###..###.......
...........g..##..###..##........
.......##..........#..###.....)##
......##..#.....#.....#........##
##...###.###....##.....###.....#.
###..#..# #.....#....####.......


You could see a gnoll sergeant and 5 gnolls.

Vanquished Creatures
  Natasha (thrice) (D:2)
  6 adders (D:2)
  An adder skeleton (D:4)
  2 dart slugs
  4 orcs (D:3)
  4 bats
  8 endoplasms
  2 giant cockroaches
  2 goblins
  8 hobgoblins
  5 jackals
  4 quokkas
  13 ball pythons
  2 frilled lizards
  5 kobolds
  5 rats
74 creatures vanquished.

Vanquished Creatures (others)
  11 toadstools (D:4)
11 creatures vanquished.

Grand Total: 85 creatures vanquished

Notes
Turn   | Place    | Note
-------+----------+-------------------------------------------
     0 | D:1      | ZARRMARR the Hill Orc Monk began the quest for the Orb.
     0 | D:1      | Reached XP level 1. HP: 19/19 MP: 1/1
   272 | D:1      | Reached XP level 2. HP: 22/27 MP: 2/2
   280 | D:1      | Learned a level 1 spell: Pain
   638 | D:1      | Noticed a shining eye
   643 | D:1      | Found a faded altar of an unknown god.
   645 | D:1      | Noticed an eye of devastation
   645 | D:1      | Noticed a shining eye
   645 | D:1      | Noticed an eye of devastation
  1037 | D:2      | Reached XP level 3. HP: 33/33 MP: 3/3
  1039 | D:2      | Noticed Natasha
  1049 | D:2      | Killed Natasha
  1081 | D:2      | Found Efregho's General Store.
  1261 | D:2      | Reached skill level 1 in Throwing
  1373 | D:2      | Reached XP level 4. HP: 40/40 MP: 4/4
  1416 | D:2      | Noticed Natasha
  1432 | D:2      | Killed Natasha
  1642 | D:2      | Noticed Natasha
  1649 | D:2      | Killed Natasha
  1702 | D:2      | Reached XP level 5. HP: 46/46 MP: 5/5
  2098 | D:2      | Found Ruyl's Assorted Antiques.
  2362 | D:3      | Found a shimmering altar of Xom.
  2363 | D:3      | Found a shimmering altar of Xom.
  3550 | D:4      | HP: 2/70 [gnoll sergeant (9)]
  3551 | D:4      | Succumbed to a gnoll sergeant's poison

Illustrated notes

Levels and vault maps discovered:
D:1:      amcnicky_arrival_feature_with_door, layout_rooms,
          hellmonk_ecumenical_altar_watching_god, minmay_split_cup_small
D:2:      layout_rooms, serial_shops, nicolae_lakefront_shop, shop,
          minmay_snake_closets, uniq_natasha
D:3:      layout_loops_ring, xom_redecorated, wad_orctagon
D:4:      cheibrodos_fertilizer, layout_layer_cave

Skill      XL: |  1  2  3  4  5 |
---------------+----------------+-----
Fighting       | 4 |  4.3
Throwing       | 1 2 3 |  3.3
Dodging        | 3 |  3.1
Axes           | |  4.9
Stealth        | |  1.7
Spellcasting   | |  0.1
Necromancy     | |  0.1

Action                   |  1- 3 |  4- 6 || total
-------------------------+-------+-------++-------
Melee: Hand axe          |    70 |   126 ||   196
Throw: Dart              |    46 |    62 ||   108
       Stone             |     6 |     9 ||    15
       Boomerang         |       |    17 ||    17
 Cast: Pain              |     1 |     3 ||     4
  Use: Scroll            |       |     5 ||     5
       Potion            |       |     1 ||     1
 Stab: Sleeping          |     2 |     2 ||     4
Armor: Robe              |    14 |    36 ||    50
       Skin              |       |     3 ||     3
Dodge: Dodged            |    40 |    87 ||   127
